 Dungeon Crawl Stone Soup version 0.28.0-53-g5a82cb258f (webtiles) character file.

Game seed: 7519037930654570818

191 TotesWizzard the Sneak (level 5, -2/24 HPs)
             Began as a Spriggan Conjurer on June 22, 2022.
             Slain by Grinder (5 damage)
             ... on level 4 of the Dungeon.
             The game lasted 00:06:01 (3833 turns).

TotesWizzard the Sneak (Spriggan Conjurer)          Turns: 3833, Time: 00:06:03

Health: -2/24      AC:  2    Str:  3    XL:     5   Next: 42%
Magic:  8/19       EV: 17    Int: 21    God:
Gold:   54         SH:  0    Dex: 18    Spells: 3/9 levels left

rFire   . . .      SeeInvis +   o - +7 rapier of War {drain, Dex+4}
rCold   . . .      Faith    .   (no shield)
rNeg    . . .      Spirit   .   a - +0 robe
rPois   .          Reflect  .   (helmet restricted)
rElec   .          Harm     .   (no cloak)
rCorr   .          Rampage  .   (gloves unavailable)
Will    +....                   (boots unavailable)
Stlth   +++.......              (no amulet)
HPRegen 0.08/turn               c - ring of magical power
MPRegen 0.16/turn               q - ring of willpower

@: very quick
A: very small, no large weapons, unfitting armour, see invisible, speed 3
a: no special abilities


You were on level 4 of the Dungeon.
You visited 1 branch of the dungeon, and saw 4 of its levels.

You collected 54 gold pieces.

Inventory:

Hand Weapons
 o - the +7 rapier of War (weapon) {drain, Dex+4}
   (You found it on level 3 of the Dungeon)

   A truly terrible weapon, it drains the life of any living foe it strikes.
   Dex:       It affects your dexterity (+4).
Armour
 a - a +0 robe (worn)
Jewellery
 c - a ring of magical power (left hand)
 i - the dreamshard necklace {*Dream Drain}
   (You found it on level 2 of the Dungeon)

   [amulet of nothing]

   It shatters if its wearer takes lethal or near-lethal damage, preventing the
   blow and releasing protective dreams that heal and fight for the wearer.
   Drain:     It drains your maximum health when unequipped.
 q - a ring of willpower (right hand)
Scrolls
 b - a scroll of enchant armour {unknown}
 d - a scroll of blinking
Potions
 f - a potion of heal wounds {unknown}
 h - a potion of curing
 j - a potion of berserk rage
 k - a potion of ambrosia
 l - a potion of attraction {unknown}
 m - a potion of resistance {unknown}
 n - a potion of haste {unknown}
 r - a potion of might {unknown}


   Skills:
 - Level 2.6 Dodging
 + Level 5.8 Stealth
 - Level 2.6 Spellcasting
 + Level 4.4 Conjurations


You had 3 spell levels left.
You knew the following spells:

 Your Spells              Type           Power      Damage    Failure   Level
a - Magic Dart            Conj           84%        1d7       2%          1
b - Searing Ray           Conj           42%        2d6       3%          2
c - Dazzling Flash        Conj/Hex       24%        N/A       17%         3

Your spell library contained the following spells:

 Spells                   Type           Power      Damage    Failure   Level
 Beastly Appendage        Tmut           4%         N/A       14%         1
 Call Imp                 Summ           2%         N/A       21%         2
 Wereblood                Tmut           2%         N/A       21%         2
 Mephitic Cloud           Conj/Pois/Air  9%         N/A       22%         3
 Spider Form              Tmut/Pois      2%         N/A       38%         3
 Fulminant Prism          Conj/Hex       6%         3d7       50%         4
 Iskenderun's Mystic Bla  Conj/Tloc      12%        2d5       50%         4
 Malign Gateway           Summ/Tloc      1%         N/A       100%        7
 Summon Horrible Things   Summ           1%         N/A       100%        8


Dungeon Overview and Level Annotations

Branches:
Dungeon (4/15)
 Temple: D:4-7

Altars:
Zin

Annotations:
D:4 Grinder


Innate Abilities, Weirdness & Mutations

You are very small and have problems with some larger weapons.
You are too small for most types of armour.
You have supernaturally acute eyesight. (SInv)
You cover ground extremely quickly. (Speed+++)


Message History

The searing ray hits the gnoll.
The gnoll is almost dead. (Press . to maintain the ray.)
The adder skeleton closely misses you.
The searing ray hits the adder skeleton!
You destroy the adder skeleton!
The searing ray hits the gnoll.
You kill the gnoll!
The searing ray misses the gnoll.
Unknown command.
The searing ray misses Grinder.
The searing ray hits the gnoll.
The gnoll is moderately wounded.
The gnoll completely misses you. Grinder gestures at you.
Pain shoots through your body!
Ouch! That really hurt!
Unknown command.
The searing ray hits Grinder.
Grinder is heavily wounded.
The searing ray hits the gnoll!
The gnoll is almost dead.
You finish channelling your searing ray.
The gnoll completely misses you. Grinder closely misses you.
Unknown command.
You barely miss Grinder.
Grinder is heavily wounded.
The gnoll misses you. Grinder gestures at you.
You easily resist.
The gnoll barely misses you.
You completely miss Grinder.
Grinder is moderately wounded.
Grinder completely misses you. The gnoll misses you.
You hit Grinder.
Grinder is heavily wounded.
You hear the slow rusting of a drain very nearby.
Grinder says, "Mostly I couldn't keep them alive."
Grinder hits you!
* * * LOW HITPOINT WARNING * * *
You writhe in agony.
You die...

#...... #...... ...:.#
+# ....##. ...# ..)..
..# .g. ..# #5# #.#
#@########.#######
#...+.............
#...#.............
#...#.............
#...##..###..###.#
.###...##..###..###.#
..............+..>....
..............#.......
...............#.......


You could see Grinder and a gnoll.

Vanquished Creatures
  Jessica (D:3)
  An orc wizard (D:3)
  Natasha (D:2)
  3 gnolls (D:4)
  3 adders (D:2)
  An adder skeleton (D:4)
  A dart slug (D:1)
  4 orcs (D:3)
  2 ball pythons
  5 endoplasms
  2 giant cockroaches (D:1)
  6 goblins (D:3)
  6 hobgoblins
  2 quokkas
  3 bats
  3 frilled lizards (D:2)
  5 kobolds
  5 rats
54 creatures vanquished.

Notes
Turn   | Place    | Note
-------+----------+-------------------------------------------
     0 | D:1      | TotesWizzard the Spriggan Conjurer began the quest for the
                  | Orb.
     0 | D:1      | Reached XP level 1. HP: 9/9 MP: 5/5
   540 | D:1      | Reached XP level 2. HP: 5/13 MP: 3/6
   803 | D:1      | Learned a level 2 spell: Searing Ray
  1213 | D:2      | Found a faded altar of an unknown god.
  1503 | D:2      | Reached XP level 3. HP: 16/16 MP: 4/8
  1650 | D:2      | Found the dreamshard necklace {*Dream Drain}
  2311 | D:2      | Noticed Natasha
  2315 | D:2      | Killed Natasha
  2316 | D:2      | Reached skill level 4 in Stealth
  2316 | D:2      | Reached XP level 4. HP: 12/21 MP: 3/9
  2464 | D:2      | Learned a level 3 spell: Dazzling Flash
  2875 | D:3      | Noticed Jessica
  2933 | D:3      | Killed Jessica
  2934 | D:3      | Reached skill level 5 in Stealth
  2934 | D:3      | Reached XP level 5. HP: 24/24 MP: 4/10
  3039 | D:3      | Identified the +7 rapier of War {drain, Dex+4}
  3601 | D:3      | Found a glowing silver altar of Zin.
  3820 | D:4      | Noticed Grinder
  3833 | D:4      | Slain by Grinder

Illustrated notes

Levels and vault maps discovered:
D:1:      shiori_shiawase, layout_basic, chequers_serial_rivers_room_b,
          amcnicky_mini_rare_corridor_liquid
D:2:      layout_basic, basic_ecumenical_altar, uniq_natasha
D:3:      layout_rooms, mainiacjoe_overflow_paths, grunt_ministairs_3,
          kennysheep_jessica_study
D:4:      layout_gridville, lemuel_doored_altar, old_standard_altar,
          mainiacjoe_overflow_alcove_4, portal_sewer_entry_d, uniq_grinder

Skill      XL: |  1  2  3  4 |
---------------+-------------+-----
Conjurations   | 3 4 |  4.4
Stealth        | 4 5 |  5.8
Dodging        | |  2.6
Spellcasting   | |  2.6

Action                   |  1- 3 |  4- 6 || total
-------------------------+-------+-------++-------
Melee: Rapier            |       |     6 ||     6
 Cast: Magic Dart        |    48 |    47 ||    95
       Searing Ray       |     2 |     5 ||     7
  Use: Scroll            |       |     8 ||     8
Dodge: Dodged            |     3 |    11 ||    14
